 Dungeon Crawl Stone Soup version 0.29.0-10-g45618ea6d2 (webtiles) character file.

Game seed: 13071054286533975997

24974 nickcage the Bludgeoner (level 12, -4/103 (110) HPs)
             Began as a Minotaur Abyssal Knight on Sept 1, 2022.
             Was a High Priest of Lugonu.
             Slain by a komodo dragon (10 damage)
             ... on level 3 of the Lair of Beasts.
             The game lasted 00:50:10 (22245 turns).

nickcage the Bludgeoner (Minotaur Abyssal Knight)  Turns: 22245, Time: 00:50:10

HP:   -4/103 (110)  AC: 19    Str: 23    XL:     12   Next: 85%
MP:   16/16         EV:  6    Int:  7    God:    Lugonu [*****.]
Gold: 836           SH: 12    Dex: 11    Spells: 11/11 levels left

rFire   . . .      SeeInvis .   j - +1 flail
rCold   . . .      Faith    .   C - +1 kite shield
rNeg    . . .      Spirit   .   L - +0 plate armour
rPois   .          Reflect  .   F - +2 hat
rElec   .          Harm     .   h - +0 cloak
rCorr   .          Rampage  .   (no gloves)
Will    .....                   c - +0 pair of boots
Stlth   ..........              (no amulet)
HPRegen 0.27/turn               (no ring)
MPRegen 0.15/turn               (no ring)

@: drained
A: horns 2, retaliatory headbutt
a: Renounce Religion, Depart the Abyss, Bend Space, Banish, Corrupt, Enter the
Abyss


You were on level 3 of the Lair of Beasts.
You worshipped Lugonu.
Lugonu was extremely pleased with you.
You visited 2 branches of the dungeon, and saw 14 of its levels.
You visited the Abyss 1 time.
You also visited: Sewer.

You collected 836 gold pieces.

Inventory:

Hand Weapons
 a - a +1 mace
 j - a +1 flail (weapon)
Missiles
 f - 29 poisoned darts (quivered)
 y - a throwing net
Armour
 b - a +0 leather armour
 c - a +0 pair of boots (worn)
 d - a +0 ring mail
 h - a +0 cloak (worn)
 m - a +0 scale mail
 u - a +0 chain mail
 C - a +1 kite shield (worn)
 F - a +2 hat (worn)
 H - a +0 hat
 L - a +0 plate armour (worn)
Jewellery
 v - a ring of wizardry
 E - a ring of magical power
 I - a ring of ice
Wands
 r - a wand of paralysis (29)
 G - a wand of roots (8)
 K - a wand of mindburst (2)
 S - a wand of digging (5)
 T - a wand of flame (8)
Scrolls
 i - 5 scrolls of identify
 q - 5 scrolls of teleportation
 s - 2 scrolls of vulnerability
 t - a scroll of enchant weapon
 w - 2 scrolls of blinking
 x - 4 scrolls of enchant armour
 O - 2 scrolls of fear
 P - a scroll of noise {unknown}
 Q - 4 scrolls of amnesia {unknown}
 U - a scroll of summoning
Potions
 e - 3 potions of lignification
 g - 4 potions of curing
 k - 3 potions of haste
 l - 5 potions of heal wounds
 n - 4 potions of mutation
 o - 3 potions of attraction
 p - 4 potions of brilliance
 z - 3 potions of cancellation
 A - 3 potions of might
 B - a potion of magic
 D - a potion of invisibility
 J - 2 potions of flight
 M - 2 potions of degeneration
 R - a potion of berserk rage {unknown}
Miscellaneous
 N - a box of beasts


   Skills:
 - Level 11.6 Fighting
 * Level 17.3 Maces & Flails
 - Level 0.9 Throwing
 - Level 9.4 Armour
 - Level 1.1 Dodging
 - Level 10.5 Shields
 * Level 7.0 Invocations


You had 11 spell levels left.
You didn't know any spells.
Your spell library contained the following spells:

 Spells                   Type           Power      Damage    Failure   Level
 Foxfire                  Conj/Fire      0%         2x1d4     100%        1
 Scorch                   Fire           0%         2d5       100%        2
 Conjure Flame            Conj/Fire      0%         6-21      100%        3
 Frozen Ramparts          Ice            0%         1d1       100%        3
 Gell's Gravitas          Tloc           0%         N/A       100%        3
 Inner Flame              Hex/Fire       0%         N/A       100%        3
 Lesser Beckoning         Tloc           0%         N/A       100%        3
 Teleport Other           Tloc           0%         N/A       100%        3
 Anguish                  Hex/Necr       0%         N/A       100%        4
 Flame Wave               Conj/Fire      0%         2d4       100%        4
 Ice Form                 Ice/Tmut       0%         N/A       100%        4
 Summon Ice Beast         Ice/Summ       0%         N/A       100%        4
 Summon Cactus Giant      Summ           0%         N/A       100%        6
 Enfeeble                 Hex            0%         N/A       100%        7


Dungeon Overview and Level Annotations

Branches:
Dungeon (11/15)            Temple (0/1) D:6            Lair (3/5) D:9
  Swamp (0/4) Lair:3          Orc (0/2) D:9           Sewer (visited)
  Snake: Lair:2-3    Spider: Lair:2-3

Altars:
Dithmenos
Elyvilon
Gozag
Hepliaklqana
Makhleb
Qazlal
Ru
Sif Muna
Trog
Uskayaw
The Shining One

Shops:
D:2 (   D:6 (   D:8 [

Portals:
Trove: D:11 (give 8 potions of haste)

Annotations:
D:6 2 transporters, Voxie's ghost, novice GrFi


Innate Abilities, Weirdness & Mutations

You have a pair of horns on your head.
You reflexively headbutt those who attack you in melee.


Message History

You are too injured to fight recklessly!
You are too injured to fight recklessly!
You closely miss the komodo dragon.
The komodo dragon is moderately wounded.
You feel sick.
The komodo dragon bites you but does no damage.
You hit the komodo dragon but do no damage.
You headbutt the komodo dragon, but do no damage.
The komodo dragon is moderately wounded.
You feel sick.
You hit the komodo dragon.
The komodo dragon is heavily wounded.
You feel sick. The komodo dragon bites you.
* * * LOW HITPOINT WARNING * * *
You barely miss the komodo dragon.
The komodo dragon is heavily wounded.
You feel sick. You block the komodo dragon's attack.
You sock the komodo dragon!
The komodo dragon is heavily wounded.
You block the komodo dragon's attack.
You hit the komodo dragon.
The komodo dragon is severely wounded.
You feel sick. You block the komodo dragon's attack.
You hit the komodo dragon but do no damage.
The komodo dragon is severely wounded.
You feel sick.
You are no longer poisoned.
You sock the komodo dragon!
The komodo dragon is almost dead.
The komodo dragon bites you!
* * * LOW HITPOINT WARNING * * *
You hit the komodo dragon but do no damage.
Your headbutt misses the komodo dragon.
The komodo dragon is almost dead.
The komodo dragon bites you!
* * * LOW HITPOINT WARNING * * *
You hit the komodo dragon but do no damage.
The komodo dragon is almost dead.
The komodo dragon bites you!
You die...

.###+###.## .........# #
.###.##..## #.
.........# . ##
##.###..## #. #[.#.
.......... #.###.##.
#.#..####.#... ......l.#
#.. ###.... #@### ...
..#....
#...####.##.^##...
#..###.##.#.# #...
#.####...#.####...
#..##.#.......#...
#.#....###..#.#..>
######.##.##...........
........................
............#.........#.


You could see a komodo dragon.

Vanquished Creatures
  Gastronok (D:11)
  2 hydras
  A catoblepas (Lair:2)
  3 two-headed ogres (D:11)
  Pikel (D:9)
  A lindwurm (Lair:3)
  An oklob plant (Lair:1)
  A manticore (D:11)
  3 black mambas
  6 cane toads
  A gargoyle (D:11)
  A rime drake (Lair:2)
  2 komodo dragons
  An unseen horror (D:11)
  3 trolls
  A tyrant leech (Lair:3)
  A polar bear (Lair:2)
  Grinder (D:6)
  5 blink frogs (Lair:2)
  A shadow (D:10)
  3 wraiths
  Sigmund (D:2)
  2 wyverns
  25 yaks
  A basilisk (Lair:2)
  2 steam dragons
  Menkaure (D:6)
  A swamp worm (Lair:3)
  4 ice beasts
  4 water moccasins
  6 orc warriors
  2 black bears
  A sky beast (D:7)
  13 wolves
  5 ogres
  6 kobold brigands
  A lemure (D:9)
  2 phantoms
  12 bullfrogs
  A gnoll sergeant (D:9)
  4 scorpions
  2 necrophages
  3 wights (D:8)
  11 killer bees
  3 electric eels
  5 hounds
  7 orc priests
  Jessica (D:2)
  Terence (D:2)
  6 iguanas
  15 hell rats
  11 orc wizards
  A hound skeleton (D:5)
  6 gnolls
  4 adders
  15 river rats
  4 white imps
  An ufetubus (D:5)
  3 worms
  5 dart slugs
  30 orcs
  3 endoplasms
  10 giant cockroaches
  8 goblins
  4 hobgoblins
  12 jackals
  25 kobolds
  8 quokkas
  13 ball pythons
  A bat (D:2)
  8 frilled lizards
  20 rats
380 creatures vanquished.

Vanquished Creatures (collateral kills)
  A vampire (D:9)
1 creature vanquished.

Vanquished Creatures (others)
  17 fungi (Lair:2)
  30 plants
47 creatures vanquished.

Grand Total: 428 creatures vanquished

Notes
Turn   | Place    | Note
-------+----------+-------------------------------------------
     0 | Abyss:1  | nickcage the Minotaur Abyssal Knight began the quest for
                  | the Orb.
     0 | Abyss:1  | Reached XP level 1. HP: 19/19 MP: 1/1
     1 | D:1      | Escaped the Abyss
   158 | D:1      | Reached skill level 3 in Maces & Flails
   165 | D:1      | Reached XP level 2. HP: 21/26 MP: 2/2
   301 | D:1      | Reached skill level 4 in Maces & Flails
   898 | D:1      | Reached XP level 3. HP: 28/31 MP: 3/3
  1110 | D:2      | Noticed Terence
  1120 | D:2      | Reached *** piety under Lugonu
  1126 | D:2      | Killed Terence
  1127 | D:2      | Reached skill level 5 in Maces & Flails
  1187 | D:2      | Reached XP level 4. HP: 39/39 MP: 4/4
  1265 | D:2      | Noticed Jessica
  1269 | D:2      | Killed Jessica
  1467 | D:2      | Found Nejauny's Weapon Boutique.
  1597 | D:2      | Reached skill level 6 in Maces & Flails
  1763 | D:2      | Noticed Sigmund
  1772 | D:2      | Killed Sigmund
  1773 | D:2      | Reached skill level 7 in Maces & Flails
  1773 | D:2      | Reached XP level 5. HP: 36/45 MP: 5/5
  1773 | D:2      | Reached XP level 6. HP: 41/51 MP: 6/6
  2472 | D:3      | Reached skill level 8 in Maces & Flails
  2685 | D:3      | Found a faded altar of an unknown god.
  2831 | D:3      | Found a hide-covered altar of Uskayaw.
  2975 | D:4      | Reached **** piety under Lugonu
  3218 | D:4      | Reached skill level 9 in Maces & Flails
  3218 | D:4      | Reached XP level 7. HP: 52/57 MP: 7/7
  3275 | D:4      | Found a stormy altar of Qazlal.
  3310 | D:4      | Found a glowing drain.
  3328 | Sewer    | Entered a sewer
  3825 | D:4      | Reached skill level 10 in Maces & Flails
  4278 | D:5      | Entered Level 5 of the Dungeon
  4371 | D:5      | Reached skill level 1 in Shields
  4716 | D:5      | Found a burning altar of Makhleb.
  4727 | D:5      | Reached XP level 8. HP: 64/66 MP: 8/8
  5344 | D:6      | Found Zogekeji's Antique Weapon Shoppe.
  5364 | D:6      | Reached skill level 5 in Armour
  5384 | D:6      | Reached skill level 11 in Maces & Flails
  5619 | D:6      | Found a transporter.
  5619 | D:6      | Identified the +4 ring mail of Roung {rF++}
  5755 | D:6      | Identified the ring "Sujapt" {Drain Will+ rCorr MP+9 Str+3}
  5759 | D:6      | Noticed Voxie's ghost (novice GrFi)
  5773 | D:6      | Found a transporter.
  5993 | D:6      | Reached skill level 5 in Fighting
  6000 | D:6      | Reached skill level 5 in Shields
  6147 | D:6      | Reached XP level 9. HP: 55/74 MP: 9/9
  6283 | D:6      | Noticed Grinder
  6294 | D:6      | Killed Grinder
  6673 | D:6      | Found a staircase to the Ecumenical Temple.
  6874 | D:6      | Noticed Menkaure
  6881 | D:6      | Killed Menkaure
  8052 | D:8      | Reached skill level 12 in Maces & Flails
  8285 | D:8      | Noticed a lindwurm
  8285 | D:8      | Noticed a lindwurm
  8287 | D:8      | Noticed a lindwurm
  8320 | D:8      | Found El's Dragon-Slaying Spoils.
  8454 | D:8      | Noticed a lindwurm
  9056 | D:8      | Reached XP level 10. HP: 67/84 MP: 10/10
  9340 | D:8      | Identified the +7 great sword of Fortitude {freeze, rC-
                  | Will++}
  9783 | D:8      | Found a shadowy altar of Dithmenos.
  9837 | D:9      | Noticed Pikel
  9865 | D:9      | Killed Pikel
  9907 | D:9      | HP: 2/84 [steam dragon (9)]
 11019 | D:9      | Found a staircase to the Lair.
 11041 | D:9      | Found a staircase to the Orcish Mines.
 11849 | D:9      | Reached skill level 13 in Maces & Flails
 12034 | D:9      | Reached skill level 10 in Shields
 12037 | D:9      | Reached ***** piety under Lugonu
 12789 | D:9      | Found an opulent altar of Gozag.
 12827 | D:9      | Found a shimmering blue altar of Sif Muna.
 12836 | D:9      | Found a hazy altar of Hepliaklqana.
 12893 | D:9      | Reached XP level 11. HP: 61/92 MP: 11/11
 13485 | D:10     | Entered Level 10 of the Dungeon
 13857 | D:10     | Found a white marble altar of Elyvilon.
 13857 | D:10     | Found a glowing golden altar of the Shining One.
 13870 | D:10     | Found a bloodstained altar of Trog.
 14029 | D:10     | Found a sacrificial altar of Ru.
 14373 | D:11     | Found a portal to a secret trove of treasure.
 14504 | D:11     | Noticed a two-headed ogre
 14512 | D:11     | Killed a two-headed ogre
 14573 | D:11     | Noticed Gastronok
 14590 | D:11     | HP: 4/94 [Gastronok (17)]
 14591 | D:11     | Killed Gastronok
 14592 | D:11     | Reached skill level 14 in Maces & Flails
 15425 | D:11     | Noticed a two-headed ogre
 15438 | D:11     | Killed a two-headed ogre
 15946 | D:11     | Noticed a two-headed ogre
 15955 | D:11     | Killed a two-headed ogre
 16293 | Lair:1   | Entered Level 1 of the Lair of Beasts
 16909 | Lair:1   | Reached skill level 5 in Invocations
 17074 | Lair:1   | Reached skill level 15 in Maces & Flails
 17568 | Lair:1   | Noticed an oklob plant
 17659 | Lair:1   | Killed an oklob plant
 18049 | Lair:1   | Reached skill level 10 in Fighting
 18067 | Lair:1   | Reached XP level 12. HP: 41/106 MP: 15/15
 18919 | Lair:2   | Noticed a four-headed hydra
 19717 | Lair:2   | Noticed a catoblepas
 19737 | Lair:2   | Killed a catoblepas
 19738 | Lair:2   | Reached skill level 16 in Maces & Flails
 20034 | Lair:2   | Killed a four-headed hydra
 20924 | Lair:3   | Found a staircase to the Swamp.
 21266 | Lair:3   | Noticed a six-headed hydra
 21285 | Lair:3   | Killed a six-headed hydra
 21286 | Lair:3   | Reached skill level 17 in Maces & Flails
 22245 | Lair:3   | Slain by a komodo dragon

Illustrated notes

Levels and vault maps discovered:
D:1:      matt_arrival_spirals, layout_loops_ring, minmay_door_square,
          minmay_misc_feat_doors, minmay_pentomino_q4
D:2:      layout_basic, serial_shops, nicolae_shop_window_shopping,
          serial_co_window_serial, co_window_paths_a, co_window_corner_a,
          co_window_corner_a, co_window_paths_a, co_window_paths_a,
          co_window_unsneaky_path_d, co_window_cross_4,
          co_window_of_opportunity_c, co_window_of_opportunity_b,
          co_window_corner_b, co_window_of_opportunity_b, co_window_paths_d,
          glass_columns_a, glass_columns_a, glass_columns_a, glass_columns_c,
          ebering_dispersal_statue_hall, uniq_terence, uniq_jessica,
          uniq_sigmund
D:3:      layout_basic, nicolae_uskayaw_dance_hall,
          ebering_ecumenical_altar_webs, serial_park_tiny_pond,
          hangedman_glass_teeth
D:4:      layout_cave_pools, mainiacjoe_overflow_24_doors, portal_sewer_entry_a,
          st_stairs_14
D:5:      layout_basic, makhleb_blood_cavern_becter,
          minmay_a_box_with_orc_wizards_in_it
D:6:      layout_basic, temple_fountains, serial_shops, shop,
          gammafunk_ghost_gnarly_gnolls, uniq_grinder, uniq_menkaure
D:7:      layout_loops_corners, minmay_crystal_water
D:8:      layout_layer_cave, grunt_dithmenos_shadows, serial_rivers,
          chequers_serial_rivers_small_3, chequers_serial_rivers_micro_d,
          chequers_serial_rivers_micro_a, chequers_serial_rivers_small_3,
          supply_closet_lemuel, nicolae_shop_dragon_depot, minmay_lindwurm_lava
D:9:      layout_basic, mainiacjoe_overflow_small_starburst,
          mainiacjoe_overflow_swirl, erik_lair_island,
          kennysheep_orc_monster_closet_entryway, nicolae_hexahallways,
          uniq_pikel
D:10:     layout_basic, nicolae_overflow_crystal_walls,
          mainiacjoe_overflow_chevrons, gammafunk_temple_overflow_wave
D:11:     layout_irregular_city, nicolae_trove_entry_isolated, uniq_gastronok
Lair:1:   lemuel_ratsnest, layout_hall_layers, serial_bayou_shore_a
Lair:2:   layout_cave_pods, dreamdust_deal_with_the_devil
Lair:3:   layout_cave_pods, minmay_swamp_entry_worms,
          nicolae_spider_entry_non_spiders, minmay_shattered_shrine,
          grunt_megastairs_5, serial_bayou_shore_b

Skill      XL: |  1  2  3  4  5  6  7  8  9 10 11 12 |
---------------+-------------------------------------+-----
Maces & Flails | 3 4 5 7 9 10 11 12 13 15 17 | 17.3
Shields        | 2 5 8 10 | 10.5
Armour         | 3 5 7 9 |  9.4
Fighting       | 4 5 6 7 10 11 | 11.6
Invocations    | 5 7 |  7.0
Throwing       | |  0.9
Dodging        | |  1.1

Action                   |  1- 3 |  4- 6 |  7- 9 | 10-12 || total
-------------------------+-------+-------+-------+-------++-------
Melee: Mace              |    37 |       |       |       ||    37
       Headbutt          |     3 |    20 |    71 |   211 ||   305
       Flail             |    26 |   133 |   443 |   925 ||  1527
       Punch             |       |     2 |       |       ||     2
Throw: Dart              |     3 |    11 |    12 |   123 ||   149
       Throwing net      |       |       |       |     1 ||     1
Evoke: Wand              |       |       |       |     7 ||     7
  Use: Scroll            |       |       |    16 |    10 ||    26
       Potion            |       |       |     2 |     5 ||     7
Armor: Ring mail         |    26 |       |       |       ||    26
       Scale mail        |     5 |    38 |       |       ||    43
       Chain mail        |       |    18 |   283 |   100 ||   401
       Plate armour      |       |       |       |   209 ||   209
Dodge: Dodged            |    49 |    62 |   112 |   162 ||   385
Block: Kite shield       |       |       |   156 |   432 ||   588
